 Dungeon Crawl Stone Soup version 0.17.1-1-g73c8601 (webtiles) character file.

4423 Implojin the Grappler (level 10, 0/100 HPs)
             Began as a Troll Monk on Apr 5, 2016.
             Was a Priest of Okawaru.
             Slain by a basilisk (4 damage)
             ... on level 10 of the Dungeon.
             The game lasted 00:13:54 (2109 turns).

Implojin the Grappler (Troll Monk)                  Turns: 2109, Time: 00:13:54

Health: 0/100      AC:  5    Str: 21    XL:     10   Next: 14%
Magic:  9/9        EV:  1    Int:  6    God:    Okawaru [***...]
Gold:   93         SH:  0    Dex: 15    Spells: 0 memorised, 9 levels left

rFire  . . .     SeeInvis +       - Unarmed
rCold  . . .     Clarity  .     a - +0 robe
rNeg   + + +     SustAt   .     (no shield)
rPois  ∞         Gourm    +     (helmet restricted)
rElec  .         Spirit   .     (no cloak)
rCorr  .         Warding  .     (gloves unavailable)
rMut   .         Stasis   .     (boots unavailable)
MR     .....                    l - amulet of faith
Stlth  ++........               (no ring)
                                d - ring of see invisible

@: petrified, not resistant to hostile enchantments, unstealthy
A: unfitting armour, claws 3, fast metabolism 3, gourmand, regeneration 2,
shaggy fur 1, tough skin 2
a: Heroism, Renounce Religion


You were on level 10 of the Dungeon.
You worshipped Okawaru.
Okawaru was most pleased with you.
You were full.

You visited 2 branches of the dungeon, and saw 11 of its levels.
You also visited: Ossuary.

You collected 281 gold pieces.
You spent 188 gold pieces at shops.

Inventory:

Missiles
 c - 4 tomahawks
 e - 3 javelins
 k - 3 curare-tipped needles
 E - 2 throwing nets (quivered)
Armour
 a - a +0 robe (worn)
 f - a +0 shield
 F - a cursed -2 robe
Magical Staves
 j - an uncursed staff of death {unknown}
Jewellery
 d - a ring of see invisible (left claw)
 l - an amulet of faith (around neck)
Wands
 n - a wand of lightning (4)
 A - a wand of paralysis (14)
 D - a wand of slowing (28)
 I - a wand of confusion (23)
Scrolls
 g - 2 scrolls of noise
 i - a scroll of remove curse {unknown}
 m - a scroll of blinking {unknown}
 p - 3 scrolls of immolation
 r - 8 scrolls of identify {unknown}
 t - 3 scrolls of random uselessness {unknown}
 v - 2 scrolls of holy word {unknown}
 C - a scroll of recharging {unknown}
 H - a scroll of amnesia {unknown}
Potions
 h - 2 potions of might {unknown}
 o - 2 potions of brilliance {unknown}
 q - a potion of lignification {unknown}
 s - a potion of cure mutation {unknown}
 u - 3 potions of curing {unknown}
 w - a potion of mutation {unknown}
 x - a potion of haste {unknown}
 G - a potion of invisibility {unknown}
Books
 y - a book of Power

   Spells                             Type                      Level
   a - Fulminant Prism                Conjuration/Hexes            4
   b - Iskenderun's Mystic Blast      Conjuration                  4
   c - Venom Bolt                     Conjuration/Poison           5
   d - Bolt of Magma                  Conjuration/Fire/Earth       5
   e - Iron Shot                      Conjuration/Earth            6
   f - Orb of Destruction             Conjuration                  7
   g - Spellforged Servitor           Conjuration/Summoning        7
Comestibles
 b - 4 bread rations
 z - 3 slices of pizza
 B - a beef jerky


   Skills:
 * Level 6.8 Fighting
 - Level 2.4 Dodging
 - Level 1.1 Stealth
 - Level 13.0 Unarmed Combat


You had 9 spell levels left.
You didn't know any spells.

Dungeon Overview and Level Annotations

Branches:
Dungeon (10/15)            Temple (1/1) D:7            Lair (0/8) D:10
    Orc: D:9-12

Altars:
Dithmenos
Fedhas
Gozag
Kikubaaqudgha
Makhleb
Nemelex Xobeh
Okawaru
Ru
Sif Muna
Vehumet
Xom
Yredelemnul
Zin
The Shining One

Shops:
D:5 (   D:10 =


Innate Abilities, Weirdness & Mutations

You are too large for most types of armour.
You have claws for hands.
Your metabolism is lightning-fast.
You like to eat raw meat.
You heal very quickly.
You are covered in fur (AC +1).
You have very tough skin (AC +2).


Message History

The troll claws you but does no damage. The troll claws you.
The basilisk gazes at you. You resist with some effort.
You have turned to stone.
The troll bites you. The troll claws you! The troll claws you.
The troll bites you but does no damage. The troll claws you.
The troll claws you but does no damage. The troll bites you!
* * * LOW HITPOINT WARNING * * *
The troll claws you!
* * * LOW HITPOINT WARNING * * *
The troll claws you!
* * * LOW HITPOINT WARNING * * *
The troll bites you!
* * * LOW HITPOINT WARNING * * *
The troll claws you.
* * * LOW HITPOINT WARNING * * *
The troll claws you.
* * * LOW HITPOINT WARNING * * *
The basilisk bites you!
* * * LOW HITPOINT WARNING * * *
The troll barely misses you. The troll claws you!
* * * LOW HITPOINT WARNING * * *
The troll claws you.
* * * LOW HITPOINT WARNING * * *
The basilisk gazes at you. The troll bites you!
* * * LOW HITPOINT WARNING * * *
The troll claws you.
* * * LOW HITPOINT WARNING * * *
The troll claws you. The basilisk bites you!
* * * LOW HITPOINT WARNING * * *
A basilisk comes into view.
The troll bites you.
* * * LOW HITPOINT WARNING * * *
The troll claws you!
* * * LOW HITPOINT WARNING * * *
The troll claws you!
* * * LOW HITPOINT WARNING * * *
The basilisk bites you!
You die...

...... ..PP♣ ..
...####### ♣.YP
............##
.♣>. ...$
##...## ..♣.
....# #<....#
.♣.
.....#####...##
............##
....(.l.l.###
......#.#@#
#.....∩T.#
###..#.###
........
..........
.####.#....
.....###
###...# ...#


You could see a troll (inner flame) and 2 basilisks.

Vanquished Creatures
  A hill giant (D:10)
  The ghost of Implojin the Grappler, a novice TrMo of Okawaru (D:7)
  A wraith (D:10)
  3 yaks (D:6)
  4 porcupines (D:10)
  2 orc warriors
  A sky beast (D:8)
  A necrophage (D:6)
  2 phantoms
  3 centaurs
  An ogre (D:6)
  2 ice beasts
  2 crocodiles (D:10)
  3 giant frogs
  A gnoll sergeant (D:9)
  A water moccasin skeleton (D:7)
  A scorpion (D:6)
  5 wights (D:6)
  3 crimson imps
  An orc priest (D:8)
  3 hounds
  A jelly (D:6)
  2 centaur skeletons
  4 centaur zombies (Ossuary)
  An orc wizard (D:7)
  6 worker ants
  A big kobold zombie (Ossuary)
  2 hound skeletons
  5 mummies (Ossuary)
  4 gnolls (D:10)
  7 adders
  2 river rats (D:10)
  A shadow imp (D:6)
  An ooze (D:5)
  An adder skeleton (D:4)
  5 orcs
  A hobgoblin (D:7)
  6 quokkas
  A bat (D:1)
  3 giant cockroaches
  5 goblins
  A hobgoblin zombie (Ossuary)
  5 jackals (D:7)
  5 kobolds
  6 rats
118 creatures vanquished.

Vanquished Creatures (others)
  A fungus (D:10)
  7 plants (D:10)
8 creatures vanquished.

Grand Total: 126 creatures vanquished

Notes
Turn   | Place    | Note
--------------------------------------------------------------
     0 | D:1      | Implojin the Troll Monk began the quest for the Orb.
     0 | D:1      | Reached XP level 1. HP: 22/22 MP: 0/0
   158 | D:2      | Reached XP level 2. HP: 29/29 MP: 1/1
   217 | D:3      | Reached skill level 5 in Unarmed Combat
   217 | D:3      | Reached XP level 3. HP: 32/36 MP: 2/2
   266 | D:4      | Reached XP level 4. HP: 30/44 MP: 3/3
   269 | D:4      | Reached skill level 6 in Unarmed Combat
   329 | D:5      | Entered Level 5 of the Dungeon
   341 | D:5      | Reached XP level 5. HP: 50/50 MP: 4/4
   348 | D:5      | Found Ostibb's Weapon Emporium.
   353 | D:5      | Bought 3 curare-tipped needles for 23 gold pieces
   408 | D:5      | Noticed an ogre
   479 | D:6      | Reached skill level 7 in Unarmed Combat
   520 | D:6      | Reached XP level 6. HP: 59/59 MP: 5/5
   534 | D:6      | Noticed a yak
   534 | D:6      | Noticed a yak
   534 | D:6      | Noticed an ogre
   535 | D:6      | Noticed a necrophage
   535 | D:6      | Noticed a yak
   539 | D:6      | Killed an ogre
   546 | D:6      | Reached skill level 8 in Unarmed Combat
   550 | D:6      | Killed a yak
   550 | D:6      | Reached XP level 7. HP: 34/66 MP: 6/6
   565 | D:6      | Reached skill level 9 in Unarmed Combat
   568 | D:6      | Killed a necrophage
   641 | D:6      | Reached skill level 10 in Unarmed Combat
   647 | D:6      | Killed a yak
   647 | D:6      | Reached XP level 8. HP: 60/74 MP: 7/7
   657 | D:6      | Killed a yak
   761 | D:6      | Noticed a centaur
   766 | D:6      | Found a sand-covered staircase.
   775 | D:6      | Killed a centaur
   796 | Ossuary  | Entered an ossuary
   805 | Ossuary  | Reached skill level 11 in Unarmed Combat
  1110 | D:7      | Found a staircase to the Ecumenical Temple.
  1116 | Temple   | Entered the Ecumenical Temple
  1193 | D:7      | Found a deep blue altar of Sif Muna.
  1280 | D:7      | Noticed Implojin's ghost (novice TrMo)
  1330 | D:7      | HP: 1/74 [Implojin's ghost (17)]
  1374 | D:7      | Killed Implojin's ghost
  1374 | D:7      | Reached skill level 12 in Unarmed Combat
  1374 | D:7      | Reached XP level 9. HP: 21/80 MP: 8/8
  1453 | D:7      | You fall through a shaft!
  1507 | D:8      | Found a glowing golden altar of the Shining One.
  1553 | D:7      | Found a sacrificial altar of Ru.
  1583 | D:8      | Found an iron altar of Okawaru.
  1592 | D:8      | Became a worshipper of Warmaster Okawaru
  1592 | D:8      | Reached * piety under Okawaru
  1592 | D:8      | Reached ** piety under Okawaru
  1699 | D:9      | Reached skill level 13 in Unarmed Combat
  1756 | D:8      | Found an ancient bone altar of Kikubaaqudgha.
  1789 | D:8      | Reached skill level 3 in Fighting
  1806 | D:10     | Entered Level 10 of the Dungeon
  1842 | D:10     | Noticed a hill giant
  1851 | D:10     | Killed a hill giant
  1851 | D:10     | Reached skill level 5 in Fighting
  1903 | D:10     | Found a staircase to the Lair.
  1918 | D:10     | Reached skill level 6 in Fighting
  1926 | D:10     | Reached XP level 10. HP: 17/98 MP: 9/9
  2014 | D:9      | Found a sparkling altar of Nemelex Xobeh.
  2087 | D:10     | Reached *** piety under Okawaru
  2088 | D:10     | Found Qike's Jewellery Shop.
  2096 | D:10     | Bought an uncursed ring of see invisible for 165 gold pieces
  2109 | D:10     | HP: 4/100 [troll (5)]
  2109 | D:10     | Slain by a basilisk

Action                   |  1- 3 |  4- 6 |  7- 9 | 10-12 || total
-------------------------+-------+-------+-------+-------++-------
Melee: Unarmed           |    42 |    46 |   194 |    35 ||   317
Throw: Throwing net      |       |       |     2 |       ||     2
Invok: Heroism           |       |       |     3 |     3 ||     6
Evoke: Wand              |       |       |     2 |       ||     2
  Use: Potion            |       |       |     2 |     1 ||     3
       Scroll            |       |       |       |     2 ||     2
 Stab: Sleeping          |     2 |     1 |     2 |       ||     5
  Eat: Chunk             |     5 |     3 |    13 |     1 ||    22

Table legend:
 A = Turns spent in this place as a percentage of turns spent in the entire game.
 B = Non-inter-level travel turns spent in this place as a percentage of non-inter-level travel turns spent in the entire game.
 C = Inter-level travel turns spent in this place as a percentage of turns spent in this place.
 D = Turns resting spent in this place as a percentage of non-inter-level travel turns spent in this place.
 E = Turns spent auto-exploring this place as a percentage of non-inter-level travel turns spent in this place.
 F = Non-inter-level travel turns spent in this place divided by the number of levels of this place that you've seen.
                   A       B       C       D       E      F
               +-------+-------+-------+-------+-------+----------------------
         Total | 100.0 | 100.0 |   0.0 |   0.0 |   0.0 | 170.8
       Dungeon |  89.4 |  89.4 |   0.0 |   0.0 |   0.0 | 183.1
        Temple |   3.0 |   3.0 |   0.0 |   0.0 |   0.0 |  62.0
       Ossuary |   7.6 |   7.6 |   0.0 |   0.0 |   0.0 | 156.0
               +-------+-------+-------+-------+-------+----------------------

Table legend:
 A = Kills in this place as a percentage of kills in entire the game.
 B = Kills by you in this place as a percentage of kills by you in the entire game.
 C = Kills by friends in this place as a percentage of kills by friends in the entire game.
 D = Other kills in this place as a percentage of other kills in the entire game.
 E = Experience gained in this place as a percentage of experience gained in the entire game.
 F = Experience gained in this place divided by the number of levels of this place that you have seen.
                   A       B       C       D       E      F
               +-------+-------+-------+-------+-------+----------------------
         Total | 100.0 | 100.0 |  -nan |  -nan | 100.0 | 526.6
       Dungeon |  90.7 |  90.7 |  -nan |  -nan |  95.4 | 603.1
       Ossuary |   9.3 |   9.3 |  -nan |  -nan |   4.6 | 288.0
               +-------+-------+-------+-------+-------+----------------------
